 Dungeon Crawl Stone Soup version 0.31-a0-4-gefa6de2278 (webtiles) character file.

Game seed: 329611297207976505

4 Dordric the Grasshopper (level 1, 0/10 HPs)
             Began as a Spriggan Warper on May 3, 2023.
             Slain by a hobgoblin (4 damage)
             ... on level 1 of the Dungeon.
             The game lasted 00:00:10 (127 turns).

Dordric the Grasshopper (Spriggan Warper)            Turns: 127, Time: 00:00:10

Health: 0/10       AC:  2    Str:  7    XL:     1   Next: 58%
Magic:  5/5        EV: 17    Int: 14    God:
Gold:   13         SH:  0    Dex: 14    Spells: 5/5 levels left

rFire   . . .        a - +0 short sword
rCold   . . .        (no shield)
rNeg    . . .        b - +0 robe
rPois   .            (helmet restricted)
rElec   .            (no cloak)
rCorr   .            (gloves unavailable)
SInv    +            (boots unavailable)
Will    .....        (no amulet)
Stlth   +            (no ring)
HPRegen 0.21/turn    (no ring)
MPRegen 0.09/turn

%: no passive effects
@: very quick
A: very small, no large weapons, unfitting armour, see invisible, speed 3
a: no special abilities


You were on level 1 of the Dungeon.
You visited 1 branch of the dungeon, and saw 1 of its levels.

You collected 13 gold pieces.

Inventory:

Hand Weapons
 a - a +0 short sword (weapon)
Missiles
 d - 7 boomerangs of dispersal (quivered)
Armour
 b - a +0 robe (worn)
Scrolls
 c - a scroll of blinking
 e - 4 scrolls of teleportation {unknown}


   Skills:
 - Level 1.5 Fighting
 + Level 2.4 Short Blades
 - Level 1.0 Throwing
 - Level 3.2 Dodging
 - Level 2.6 Spellcasting
 + Level 4.6 Translocations


You had 5 spell levels left.
You didn't know any spells.
Your spell library contained the following spells:

 Spells                   Type           Power      Damage    Failure   Level
 Blink                    Tloc           28%        N/A       4%          2
 Lesser Beckoning         Tloc           28%        N/A       4%          2
 Teleport Other           Tloc           14%        N/A       10%         3
 Vhi's Electric Charge    Tloc/Air       16%        N/A       26%         3
 Manifold Assault         Tloc           14%        N/A       32%         4


Dungeon Overview and Level Annotations

Branches:
Dungeon (1/15)

Altars:


Innate Abilities, Weirdness & Mutations

You are very small and have problems with some larger weapons.
You are too small for most types of armour.
You have supernaturally acute eyesight. (SInv)
You cover ground extremely quickly. (Speed+++)


Message History

The quokka closely misses you. The rat closely misses you.
You closely miss the quokka.
The quokka is moderately wounded.
The quokka misses you. The rat completely misses you.
You hit the quokka.
The quokka is almost dead.
The quokka completely misses you.
A dart slug comes into view.
The endoplasm misses you. The rat misses you.
A kobold comes into view. It is wielding a +0 short sword.
You hit the quokka.
You kill the quokka!
The endoplasm misses you. The hobgoblin closely misses you.
The rat closely misses you.
You hit the endoplasm.
The endoplasm is heavily wounded.
The endoplasm freezes you.
You are frozen.
The rat bites you.
You hit the endoplasm.
The endoplasm is severely wounded.
You hit the endoplasm.
You kill the endoplasm!
The hobgoblin misses you. The rat bites you but does no damage.
The rat bites you.
You are too injured to fight recklessly!
There are monsters nearby!
There are monsters nearby!
You hit the hobgoblin.
The hobgoblin is lightly wounded.
The hobgoblin misses you. The rat closely misses you.
The goblin closely misses you. The rat completely misses you.
You hit the hobgoblin.
The hobgoblin is severely wounded.
The hobgoblin misses you. The rat bites you.
* * * LOW HITPOINT WARNING * * *
The goblin closely misses you. The rat barely misses you.
You barely miss the hobgoblin.
The hobgoblin is severely wounded.
The hobgoblin hits you.
You die...

.........#.#...#..........
......#...###.###'#######
.....##.#.###.....#####
#...................
.........###########
.........### ....#......#
### #...##g#######
#...#.@g......
#...#.rrK.....
#...#.........
#...#$w.......
#...#......... #.........
#......... #.........


You could see a dart slug, a hobgoblin, a goblin, a kobold and 2 rats.

Vanquished Creatures
  An endoplasm (D:1)
  A hobgoblin (D:1)
  A quokka (D:1)
  A kobold (D:1)
4 creatures vanquished.

Notes
Turn   | Place    | Note
-------+----------+-------------------------------------------
     0 | D:1      | Dordric the Spriggan Warper began the quest for the Orb.
     0 | D:1      | Reached XP level 1. HP: 10/10 MP: 5/5
     1 | D:1      | Noticed an electric eel
   127 | D:1      | Slain by a hobgoblin

Illustrated notes

Levels and vault maps discovered:
D:1:      arrival_aquarium_a, layout_basic, ebering_ecumenical_altar_hall

Action                     || total
---------------------------++-------
  Melee: Short sword       ||    29
 Armour: Robe              ||     2
  Dodge: Dodged            ||    30

Table legend: (Time is in decaauts)
 A = Elapsed time spent in this place.
 B = Non-inter-level travel time spent in this place.
 C = Inter-level travel time spent in this place.
 D = Time resting spent in this place.
 E = Time spent auto-exploring this place.
 F = Levels seen in this place.
 G = Mean time per level.
                   A        B        C        D        E       F      G
               +--------+--------+--------+--------+--------+-----+--------+
         Total |     90 |     90 |      0 |      0 |     55 |   1 |   90.0 |
       Dungeon |     90 |     90 |      0 |      0 |     55 |   1 |   90.0 |
               +--------+--------+--------+--------+--------+-----+--------+

Top non-repeatable levels by time:
     D:1: 90 daAuts
